 Dungeon Crawl Stone Soup version 0.30-b1-2-g02819fbbbe (webtiles) character file.

Game seed: 1711377676836619560

3110 raph the Destroyer (level 9, -8/49 HPs)
             Began as a Deep Elf Conjurer on Dec 16, 2023.
             Was an Initiate of Sif Muna.
             Mangled by Gastronok (29 damage)
             ... on level 8 of the Dungeon.
             The game lasted 00:14:44 (8761 turns).

raph the Destroyer (Deep Elf Conjurer)              Turns: 8761, Time: 00:14:45

Health: -8/49      AC: 10    Str:  8    XL:     9   Next: 60%
Magic:  1/24       EV: 15    Int: 32    God:    Sif Muna [......]
Gold:   334        SH:  0    Dex: 23    Spells: 5/26 levels left

rFire   . . .        a - staff of conjuration "Erphin" {rC+}
rCold   + . .        (no shield)
rNeg    . . .        n - +4 robe of Augmentation {Str+4 Int+4 Dex+4}
rPois   +            (no helmet)
rElec   .            s - +1 cloak
rCorr   .            (no gloves)
SInv    .            t - +1 pair of boots
Will    .....        (no amulet)
Stlth   +++          g - ring of poison resistance
HPRegen 0.28/turn    i - +6 ring of dexterity
MPRegen 0.19/turn

%: no passive effects
@: slowed, very slow
A: no striking features
a: Renounce Religion


You were on level 8 of the Dungeon.
You worshipped Sif Muna.
Sif Muna was noncommittal.
You visited 2 branches of the dungeon, and saw 9 of its levels.

You collected 334 gold pieces.

Inventory:

Hand Weapons
 b - a +3 short sword of electrocution
 c - a +0 dagger
 e - a +0 dagger of venom
 m - a +0 quarterstaff of draining
Missiles
 h - 36 poisoned darts
 v - 3 atropa-tipped darts
 y - a curare-tipped dart
Armour
 n - the +4 robe of Augmentation (worn) {Str+4 Int+4 Dex+4}
   (You found it on level 2 of the Dungeon)

   Str:       It affects your strength (+4).
   Int:       It affects your intelligence (+4).
   Dex:       It affects your dexterity (+4).
 s - a +1 cloak (worn)
 t - a +1 pair of boots (worn)
Magical Staves
 a - the staff of conjuration "Erphin" (weapon) {rC+}
   (You acquired it on level 3 of the Dungeon)

   [staff of conjuration]

   Base accuracy: +5 Base damage: 5 Base attack delay: 1.2 This weapon's minimum
   attack delay (0.6) is reached at skill level 12.
   rC:        It protects you from cold.
   It falls into the 'Staves' category.
   It is a one-handed weapon.
Jewellery
 g - a ring of poison resistance (left hand)
 i - a +6 ring of dexterity (right hand)
Scrolls
 o - 5 scrolls of poison
 p - 3 scrolls of teleportation
 x - 2 scrolls of enchant weapon
 z - a scroll of amnesia
 B - a scroll of enchant armour
Potions
 d - 7 potions of curing
 f - 3 potions of brilliance
 j - 4 potions of lignification
 k - 2 potions of magic
 l - a potion of haste
 q - 3 potions of cancellation
 r - 3 potions of mutation
 u - 3 potions of heal wounds {unknown}
 w - a potion of flight {unknown}
 A - a potion of berserk rage
 C - a potion of invisibility


   Skills:
 + Level 2.5 Fighting
 + Level 4.6 Dodging
 + Level 4.9 Stealth
 + Level 9.1 Spellcasting
 + Level 9.3 Conjurations
 + Level 5.8 Hexes
 - Level 3.1 Translocations
 - Level 4.4 Poison Magic


You had 5 spell levels left.
You knew the following spells:

 Your Spells              Type           Power      Damage    Failure   Level
a - Magic Dart            Conj           100%       1d8       1%          1
b - Searing Ray           Conj           100%       2d8       1%          2
c - Dazzling Flash        Conj/Hex       100%       N/A       1%          3
d - Fulminant Prism       Conj/Hex       38%        3d17      1%          4
e - Iskenderun's Mystic   Conj/Tloc      69%        2d14      2%          4
f - Gell's Gravitas       Tloc           34%        N/A       2%          3
g - Olgreb's Toxic Radia  Pois           43%        N/A       5%          4

Your spell library contained the following spells:

 Spells                   Type           Power      Damage    Failure   Level
 Apportation              Tloc           68%        N/A       1%          1
 Lesser Beckoning         Tloc           68%        N/A       1%          2
 Teleport Other           Tloc           34%        N/A       2%          3
 Necrotise                Necr           56%        1d6       3%          1
 Summon Small Mammal      Summ           56%        N/A       3%          1
 Inner Flame              Hex/Fire       33%        N/A       3%          3
 Sublimation of Blood     Necr           14%        N/A       4%          2
 Flame Wave               Conj/Fire      61%        2d14      4%          4
 Sticky Flame             Conj/Fire      61%        2d8       4%          4
 Frozen Ramparts          Ice            28%        1d5       10%         3
 Irradiate                Conj/Tmut      30%        3d21      14%         5
 Ice Form                 Ice/Tmut       14%        N/A       32%         4
 Petrify                  Tmut/Erth      14%        N/A       32%         4
 Summon Ice Beast         Ice/Summ       14%        N/A       32%         4
 Alistair's Intoxication  Tmut/Pois      18%        N/A       36%         5
 Discord                  Hex            25%        N/A       100%        8
 Ignition                 Fire           7%         3d4       100%        8


Dungeon Overview and Level Annotations

Branches:
Dungeon (8/15)             Temple (1/1) D:6
   Lair: D:8-11

Altars:
Ashenzari
Cheibriados
Dithmenos
Fedhas
Gozag
Hepliaklqana
Kikubaaqudgha
Makhleb
Nemelex Xobeh
Qazlal
Ru
Sif Muna
Trog
Vehumet
Wu Jian
Xom
Yredelemnul
Zin
The Shining One

Annotations:
D:6 2 runed translucent doors, loralnil's ghost, novice DrTm
D:7 2 transporters
D:8 Gastronok


Message History

Confirm with . or Enter, or press ? or * to list all spells.
Restarting spell: Searing Ray (safe; 1% risk of failure)
Press: ? - help, Shift-Dir - straight line, f - Gastronok, p - orc
Aim: Gastronok, wearing the +3 hat of Pondering {ponderous, Will+ MP+10 Int+5} (moderately wounded, very poisoned, ally target, 100% to hit)
You feel a surge of power!
The searing ray hits Gastronok!
Gastronok is moderately wounded. (Press . to maintain the ray.)
Your fulminant prism explodes!
The blast of energy engulfs Gastronok!!!
Gastronok is severely wounded.
The orc closely misses you.
You hear a shout! x3
The searing ray hits Gastronok.
Gastronok is severely wounded.
The orc hits you but does no damage. The orc closely misses you.
Gastronok waves his eye-stalks in wide circles.
The air twists around and strikes you!!
Ouch! That really hurt!
The searing ray hits Gastronok.
Gastronok is severely wounded.
You kill the orc!
Sif Muna accepts your kill. The orc hits you with a +0 whip.
The searing ray hits Gastronok.
Gastronok is severely wounded.
You finish channelling your searing ray.
The orc barely misses you. Gastronok barely misses you.
The orc barely misses you.
Casting: Searing Ray (safe; 1% risk of failure)
Confirm with . or Enter, or press ? or * to list all spells.
Aiming: Searing Ray (safe; 1% risk of failure)
Press: ? - help, Shift-Dir - straight line, f/p - Gastronok
Aim: Gastronok, wearing the +3 hat of Pondering {ponderous, Will+ MP+10 Int+5} (severely wounded, very poisoned, 100% to hit)
You feel a surge of power!
The searing ray hits Gastronok.
Gastronok is severely wounded. (Press . to maintain the ray.)
An orc priest comes into view. It is wielding a +0 mace.
The orc hits you but does no damage. Gastronok bites you!!
Ouch! That really hurt!
You die...

#.... .# ### # # #
##### # .... # #..
###### #w# .....#
####@#
####.########..o)#
#.........o####
##########....#
####.# .. ..> ##


You could see Gastronok (very poisoned), an orc priest and an orc.

Vanquished Creatures
  An unseen horror (D:7)
  3 ice beasts
  An orc warrior (D:7)
  A sky beast (D:6)
  A black bear (D:4)
  2 ogres (D:6)
  2 centaurs
  A phantom (D:5)
  2 kobold brigands
  4 bullfrogs
  3 scorpions (D:5)
  8 wights (D:6)
  A howler monkey (D:5)
  A gnoll bouda (D:6)
  5 orc priests
  3 jellies
  Jessica (D:3)
  5 iguanas
  6 orc wizards
  11 gnolls
  10 adders
  A white imp (D:7)
  2 ufetubi (D:6)
  2 worms
  2 dart slugs (D:1)
  19 orcs
  9 ball pythons
  9 endoplasms
  3 giant cockroaches
  5 goblins
  4 hobgoblins
  4 jackals (D:3)
  4 quokkas
  A bat (D:1)
  3 frilled lizards
  25 kobolds
  5 rats
170 creatures vanquished.

Vanquished Creatures (others)
  16 fulminant prisms
16 creatures vanquished.

Grand Total: 186 creatures vanquished

Notes
Turn   | Place    | Note
-------+----------+-------------------------------------------
     0 | D:1      | raph the Deep Elf Conjurer began the quest for the Orb.
     0 | D:1      | Reached XP level 1. HP: 10/10 MP: 6/6
    89 | D:1      | Reached XP level 2. HP: 15/15 MP: 0/8
   177 | D:1      | Learned a level 2 spell: Searing Ray
   209 | D:1      | Reached skill level 5 in Conjurations
   806 | D:1      | Reached XP level 3. HP: 19/19 MP: 5/9
   810 | D:1      | Learned a level 3 spell: Dazzling Flash
  1933 | D:2      | Found the +4 robe of Augmentation {Str+4 Int+4 Dex+4}
  2188 | D:3      | Identified a scroll of acquirement
  2188 | D:3      | Acquired the staff of conjuration "Erphin" {rC+}
  2226 | D:3      | Reached XP level 4. HP: 24/24 MP: 5/11
  2400 | D:3      | Learned a level 4 spell: Fulminant Prism
  2606 | D:3      | Noticed Jessica
  2608 | D:3      | Killed Jessica
  2609 | D:3      | Reached XP level 5. HP: 28/28 MP: 9/13
  3629 | D:4      | Noticed a black bear
  3636 | D:4      | Killed a black bear
  3637 | D:4      | Reached skill level 5 in Spellcasting
  3637 | D:4      | Reached XP level 6. HP: 32/32 MP: 6/16
  4305 | D:4      | Learned a level 4 spell: Iskenderun's Mystic Blast
  4337 | D:4      | Reached XP level 7. HP: 36/36 MP: 16/19
  4518 | D:4      | Reached skill level 1 in Hexes
  4790 | D:4      | Reached skill level 1 in Translocations
  4833 | D:5      | Entered Level 5 of the Dungeon
  4845 | D:5      | Learned a level 3 spell: Gell's Gravitas
  4967 | D:5      | Found a shimmering altar of Xom.
  5533 | D:5      | Reached XP level 8. HP: 41/41 MP: 16/21
  5626 | D:5      | Found a bloodstained altar of Trog.
  5959 | D:6      | Learned a level 4 spell: Olgreb's Toxic Radiance
  5990 | D:6      | Found a glowing golden altar of the Shining One.
  6021 | D:6      | Reached skill level 1 in Poison Magic
  6466 | D:6      | Reached skill level 1 in Fighting
  6852 | D:6      | Found a large runed translucent door.
  6852 | D:6      | Found a large runed translucent door.
  6853 | D:6      | Noticed loralnil's ghost (novice DrTm)
  7077 | D:6      | Reached XP level 9. HP: 48/48 MP: 17/23
  7123 | D:6      | Reached skill level 5 in Hexes
  7572 | D:6      | Found a staircase to the Ecumenical Temple.
  7581 | Temple   | Entered the Ecumenical Temple
  7710 | Temple   | Became a worshipper of Sif Muna the Loreminder
  7873 | D:7      | Found a transporter.
  7972 | D:7      | Killed an unseen horror
  8254 | D:7      | Found an ornate altar of the Wu Jian Council.
  8384 | D:7      | Found a transporter.
  8728 | D:8      | Noticed Gastronok
  8761 | D:8      | Mangled by Gastronok

Illustrated notes

Levels and vault maps discovered:
D:1:      amcnicky_arrival_blooded_trapdoor, layout_loops_ring,
          minmay_misc_feat_rows
D:2:      layout_basic
D:3:      layout_basic, uniq_jessica
D:4:      cheibrodos_thug_alley, layout_basic
D:5:      layout_basic, mainiacjoe_overflow_paths, lightli_temple_of_fire
D:6:      layout_loops_ring, tso_metal_star, lemuel_temple_firewalk_a,
          ebering_ghost_disaster_area
D:7:      gammafunk_cloud_chamber, layout_rooms, general_overflow_altar
D:8:      layout_loops_ring, uniq_gastronok
Temple:   nicolae_temple_superstar

Skill      XL: |  1  2  3  4  5  6  7  8  9 |
---------------+----------------------------+-----
Conjurations   | 5 6 7 8 9 |  9.3
Spellcasting   | 4 5 6 7 8 9 |  9.1
Hexes          | 3 4 5 |  5.8
Translocations | 2 3 |  3.1
Poison Magic   | 3 4 |  4.4
Dodging        | 3 4 |  4.6
Stealth        | 3 4 |  4.9
Fighting       | 1 2 |  2.5

Action                     |  1- 3 |  4- 6 |  7- 9 || total
---------------------------+-------+-------+-------++-------
  Melee: Dagger            |     3 |       |       ||     3
         Short sword       |     2 |       |     1 ||     3
         Staff             |       |     3 |     6 ||     9
   Cast: Magic Dart        |    26 |    21 |    11 ||    58
         Searing Ray       |    19 |    30 |    55 ||   104
         Fulminant Prism   |       |     7 |     9 ||    16
         Iskenderun's Myst |       |       |    17 ||    17
         Gell's Gravitas   |       |       |    17 ||    17
         Olgreb's Toxic Ra |       |       |     4 ||     4
    Use: Scroll            |     4 |     6 |     6 ||    16
   Stab: Sleeping          |     2 |       |     1 ||     3
 Armour: Robe              |     1 |     7 |    32 ||    40
  Dodge: Dodged            |    13 |    18 |    49 ||    80
